TOP OF THE 1ST |
Cedar Rapids Kernels batting - Pitching for Bowling Green Hot Rods : RHP Jesus Valdivia
|
Pitching: RHP Jesus Valdivia
|
|
Batting: RHB Tim Carter
|
0-0: Swinging Strike 0-1: Fly out, F6 (Popup, 6D, EV 68.1 MPH)
|
Batting: RHB Kevin Harris
|
0-0: Called Strike 0-1: Ball 1-1: SINGLE (Line Drive, 9S, EV 94.4 MPH)
|
Batting: RHB Jose Almonte
|
0-0: Called Strike 0-1: Ball 1-1: Called Strike Kevin Harris steals 2nd base 1-2: Hit by Pitch
|
Batting: LHB Tomas Espino
|
0-0: Ball 1-0: Called Strike 1-1: Ball 2-1: Foul Ball, location: 2F 2-2: Ball 3-2: Base on Balls Kevin Harris to third Jose Almonte to second
|
Batting: RHB Nick Phipps
|
0-0: Foul Ball, location: 2F 0-1: Fly out, F4 (Popup, 13, EV 81.2 MPH)
|
Batting: RHB Ruben Serrata
|
0-0: Called Strike 0-1: Ball 1-1: Foul Ball, location: 2F 1-2: SINGLE (Groundball, 34D, EV 110.6 MPH) Kevin Harris scores Jose Almonte to third Tomas Espino to second
|
Batting: RHB Jose Gracia
|
0-0: Ball 1-0: Fielders Choice at 2nd, 6-4 (Groundball, 6, EV 78.1 MPH)
|
Top of the 1st over - 1 run, 2 hits, 0 errors, 3 left on base; Cedar Rapids 1 - Bowling Green 0 |
BOTTOM OF THE 1ST |
Bowling Green Hot Rods batting - Pitching for Cedar Rapids Kernels : RHP Alex Grado
|
Pitching: RHP Alex Grado
|
|
Batting: LHB Angel Ruvalcaba
|
0-0: SINGLE (Groundball, 25, EV 73.1 MPH) (infield hit)
|
Batting: LHB Rocky Crowley
|
0-0: Foul Ball, location: 2F 0-1: Ball 1-1: Ball 2-1: Fielders Choice at 2nd, 3-6 (Groundball, 3, EV 107.5 MPH)
|
Batting: RHB Dermott Kennelly
|
0-0: Foul Ball, location: 2F 0-1: Foul Ball, location: 2F 0-2: Ball 1-2: Fly out, F8 (Line Drive, 8LD, EV 86.9 MPH)
|
Batting: RHB Tim Dower
|
0-0: Ball 1-0: Ball 2-0: Called Strike 2-1: Fly out, F9 (Flyball, 9LM, EV 89.4 MPH)
|
Bottom of the 1st over - 0 runs, 1 hit, 0 errors, 1 left on base; Cedar Rapids 1 - Bowling Green 0 |
TOP OF THE 2ND |
Cedar Rapids Kernels batting - Pitching for Bowling Green Hot Rods : RHP Jesus Valdivia
|
Batting: RHB Jeremy Witt
|
0-0: Foul Ball, location: 2F 0-1: Foul Ball, location: 2F 0-2: Strikes out swinging
|
Batting: RHB Ratko Macura
|
0-0: Ball 1-0: Ball 2-0: Ball 3-0: Called Strike 3-1: Called Strike 3-2: Strikes out looking
|
Batting: RHB Tim Carter
|
0-0: Ball 1-0: Ball 2-0: Called Strike 2-1: Ball 3-1: Foul Ball, location: 2F 3-2: Base on Balls
|
Batting: RHB Kevin Harris
|
0-0: Called Strike Tim Carter steals 2nd, throwing error, E2 Tim Carter to third 0-1: Foul Ball, location: 2F 0-2: Foul Ball, location: 2F 0-2: Ground out 4-3 (Groundball, 34, EV 108.1 MPH)
|
Top of the 2nd over - 0 runs, 0 hits, 1 error, 1 left on base; Cedar Rapids 1 - Bowling Green 0 |
BOTTOM OF THE 2ND |
Bowling Green Hot Rods batting - Pitching for Cedar Rapids Kernels : RHP Alex Grado
|
Batting: SHB Luis Verduzco
|
0-0: Ground out 4-3 (Groundball, 4, EV 105.0 MPH)
|
Batting: RHB Jim Erdody
|
0-0: Ball 1-0: Called Strike 1-1: Ball 2-1: Ball 3-1: Foul Ball, location: 2F 3-2: Foul Ball, location: 2F 3-2: SINGLE (Groundball, 6S, EV 69.4 MPH) (infield hit)
|
Batting: RHB Dave Valdez
|
0-0: Swinging Strike 0-1: Swinging Strike 0-2: Fly out, F8 (Flyball, 8LM, EV 96.9 MPH)
|
Batting: RHB Bogumil Filipowski
|
0-0: Called Strike Jim Erdody steals 2nd base 0-1: Ball 1-1: Ground out 4-3 (Groundball, 4S, EV 68.1 MPH)
|
Bottom of the 2nd over - 0 runs, 1 hit, 0 errors, 1 left on base; Cedar Rapids 1 - Bowling Green 0 |
TOP OF THE 3RD |
Cedar Rapids Kernels batting - Pitching for Bowling Green Hot Rods : RHP Jesus Valdivia
|
Batting: RHB Jose Almonte
|
0-0: Fly out, F9 (Line Drive, 9, EV 98.1 MPH)
|
Batting: LHB Tomas Espino
|
0-0: Foul Ball, location: 2F 0-1: Called Strike 0-2: Ball 1-2: Foul Ball, location: 2F 1-2: Foul Ball, location: 2F 1-2: Ball 2-2: SINGLE (Groundball, 4MD, EV 99.4 MPH)
|
Batting: RHB Nick Phipps
|
0-0: Ball 1-0: Called Strike 1-1: Foul Ball, location: 2F 1-2: Ball 2-2: Ball 3-2: Fly out, F8 (Flyball, 8LD, EV 106.9 MPH)
|
Batting: RHB Ruben Serrata
|
0-0: Ball Tomas Espino is caught stealing 2nd base 2-4
|
Top of the 3rd over - 0 runs, 1 hit, 0 errors, 0 left on base; Cedar Rapids 1 - Bowling Green 0 |
BOTTOM OF THE 3RD |
Bowling Green Hot Rods batting - Pitching for Cedar Rapids Kernels : RHP Alex Grado
|
Batting: RHB Jesus Carrillo
|
0-0: Swinging Strike 0-1: Ball 1-1: Foul Ball, location: 2F 1-2: Ball 2-2: Strikes out swinging
|
Batting: LHB Angel Ruvalcaba
|
0-0: Swinging Strike 0-1: Ball 1-1: Ball 2-1: Fly out, F7 (Flyball, 78M, EV 94.4 MPH)
|
Batting: LHB Rocky Crowley
|
0-0: Called Strike 0-1: Ball 1-1: Foul Ball, location: 2F 1-2: Foul Ball, location: 2F 1-2: Ball 2-2: Foul Ball, location: 2F 2-2: Strikes out swinging
|
Bottom of the 3rd over - 0 runs, 0 hits, 0 errors, 0 left on base; Cedar Rapids 1 - Bowling Green 0 |
TOP OF THE 4TH |
Cedar Rapids Kernels batting - Pitching for Bowling Green Hot Rods : RHP Jesus Valdivia
|
Batting: RHB Ruben Serrata
|
0-0: Ball 1-0: Ground out 4-3 (Groundball, 4, EV 81.9 MPH)
|
Batting: RHB Jose Gracia
|
0-0: Called Strike 0-1: Foul Ball, location: 2F 0-2: Single, Error in OF, E7, batter to second base (Groundball, 6D, EV 101.2 MPH)
|
Batting: RHB Jeremy Witt
|
0-0: Fly out, F8 (Flyball, 8RD, EV 100.6 MPH)
|
Batting: RHB Ratko Macura
|
0-0: Swinging Strike 0-1: Fly out, F9 (Flyball, 89S, EV 89.4 MPH)
|
Top of the 4th over - 0 runs, 1 hit, 1 error, 1 left on base; Cedar Rapids 1 - Bowling Green 0 |
BOTTOM OF THE 4TH |
Bowling Green Hot Rods batting - Pitching for Cedar Rapids Kernels : RHP Alex Grado
|
Batting: RHB Dermott Kennelly
|
0-0: Ball 1-0: Foul Ball, location: 2F 1-1: SINGLE (Groundball, 4M, EV 81.9 MPH) (infield hit)
|
Batting: RHB Tim Dower
|
0-0: Ball 1-0: Ball 2-0: Called Strike 2-1: Fielders Choice at 2nd, 4-6 (Groundball, 4S, EV 90.0 MPH)
|
Batting: SHB Luis Verduzco
|
0-0: Swinging Strike 0-1: SINGLE (Groundball, 4S, EV 69.4 MPH) (infield hit) Tim Dower to second
|
Batting: RHB Jim Erdody
|
0-0: Called Strike 0-1: Ball 1-1: DOUBLE (Flyball, 8RD, EV 93.1 MPH) Tim Dower scores Luis Verduzco to third
|
Batting: RHB Dave Valdez
|
0-0: Ball 1-0: Ball 2-0: Ball 3-0: Called Strike 3-1: Called Strike 3-2: Strikes out swinging
|
Batting: RHB Bogumil Filipowski
|
0-0: Ground out 4-3 (Groundball, 4M, EV 86.2 MPH)
|
Bottom of the 4th over - 1 run, 3 hits, 0 errors, 2 left on base; Cedar Rapids 1 - Bowling Green 1 |
TOP OF THE 5TH |
Cedar Rapids Kernels batting - Pitching for Bowling Green Hot Rods : RHP Jesus Valdivia
|
Batting: RHB Tim Carter
|
0-0: Ball 1-0: Ball 2-0: SINGLE (Groundball, 6MS, EV 68.1 MPH) (infield hit)
|
Batting: RHB Kevin Harris
|
0-0: Called Strike Tim Carter steals 2nd base 0-1: Called Strike 0-2: Ground out 5-3 (Groundball, 56, EV 78.1 MPH)
|
Batting: RHB Jose Almonte
|
0-0: Called Strike 0-1: Ball 1-1: Ball 2-1: Ball 3-1: Base on Balls
|
Batting: LHB Tomas Espino
|
0-0: Called Strike 0-1: Ball 1-1: Foul Ball, location: 2F 1-2: Foul Ball, location: 2F 1-2: Ball 2-2: Ball 3-2: Foul Ball, location: 2F 3-2: Base on Balls Tim Carter to third Jose Almonte to second
|
Batting: RHB Nick Phipps
|
0-0: Ball 1-0: Foul Ball, location: 2F 1-1: GRAND SLAM HOME RUN (Flyball, 78XD, EV 105.0 MPH), Distance : 411 ft
|
Pitching: RHP Andres Morales
|
|
Batting: RHB Ruben Serrata
|
0-0: Ball 1-0: Reached on error, E3 (Groundball, 34, EV 91.2 MPH)
|
Batting: RHB Jose Gracia
|
0-0: Ball 1-0: Fly out, F9 (Flyball, 9LD, EV 99.4 MPH)
|
Batting: RHB Jeremy Witt
|
0-0: Ball 1-0: Called Strike 1-1: Fly out, F6 (Popup, 56, EV 57.5 MPH)
|
Top of the 5th over - 4 runs, 2 hits, 1 error, 1 left on base; Cedar Rapids 5 - Bowling Green 1 |
BOTTOM OF THE 5TH |
Bowling Green Hot Rods batting - Pitching for Cedar Rapids Kernels : RHP Alex Grado
|
Batting: RHB Jesus Carrillo
|
0-0: Swinging Strike 0-1: Called Strike 0-2: Ball 1-2: Strikes out looking
|
Batting: LHB Angel Ruvalcaba
|
0-0: Ball 1-0: Foul Ball, location: 2F 1-1: Ground out 5-3 (Groundball, 5, EV 101.2 MPH)
|
Batting: LHB Rocky Crowley
|
0-0: Ball 1-0: Foul Ball, location: 2F 1-1: Called Strike 1-2: Ball 2-2: Ground out U3 (Groundball, 34S, EV 79.4 MPH)
|
Bottom of the 5th over - 0 runs, 0 hits, 0 errors, 0 left on base; Cedar Rapids 5 - Bowling Green 1 |
TOP OF THE 6TH |
Cedar Rapids Kernels batting - Pitching for Bowling Green Hot Rods : RHP Andres Morales
|
Batting: RHB Ratko Macura
|
0-0: Ball 1-0: Called Strike 1-1: Foul Ball, location: 2F 1-2: Ball 2-2: Ball 3-2: Strikes out swinging
|
Batting: RHB Tim Carter
|
0-0: Called Strike 0-1: Ball 1-1: Called Strike 1-2: Strikes out swinging
|
Batting: RHB Kevin Harris
|
0-0: Ball 1-0: Ball 2-0: Ball 3-0: Called Strike 3-1: Swinging Strike 3-2: Base on Balls
|
Batting: RHB Jose Almonte
|
0-0: Ball 1-0: Foul Ball, location: 2F 1-1: Foul Ball, location: 2F 1-2: Ball 2-2: Strikes out swinging
|
Top of the 6th over - 0 runs, 0 hits, 0 errors, 1 left on base; Cedar Rapids 5 - Bowling Green 1 |
BOTTOM OF THE 6TH |
Bowling Green Hot Rods batting - Pitching for Cedar Rapids Kernels : RHP Alex Grado
|
Batting: RHB Dermott Kennelly
|
0-0: Ground out 3-1 (Groundball, 34, EV 85.6 MPH)
|
Batting: RHB Tim Dower
|
0-0: Called Strike 0-1: Called Strike 0-2: Ball 1-2: Ball 2-2: Ball 3-2: Foul Ball, location: 2F 3-2: Foul Ball, location: 2F 3-2: SINGLE (Groundball, 6MD, EV 105.0 MPH)
|
Batting: SHB Luis Verduzco
|
0-0: Ball 1-0: Reached on error, E4 (Groundball, 4, EV 101.9 MPH) Tim Dower to second
|
Pitching: LHP Josh Armstrong
|
|
Batting: RHB Jim Erdody
|
0-0: Ball 1-0: Ball 2-0: SINGLE (Flyball, 4D, EV 86.9 MPH) Tim Dower to third Luis Verduzco to second
|
Batting: RHB Dave Valdez
|
0-0: Called Strike 0-1: Ball 1-1: Called Strike 1-2: Strikes out looking
|
Batting: RHB Bogumil Filipowski
|
0-0: Ball 1-0: Foul Ball, location: 2F 1-1: Swinging Strike 1-2: Fly out, F3 (Popup, 3S, EV 84.4 MPH)
|
Bottom of the 6th over - 0 runs, 2 hits, 1 error, 3 left on base; Cedar Rapids 5 - Bowling Green 1 |
TOP OF THE 7TH |
Cedar Rapids Kernels batting - Pitching for Bowling Green Hot Rods : RHP Andres Morales
|
Pitching: LHP Ryan Folks
|
|
Batting: LHB Tomas Espino
|
0-0: Called Strike 0-1: Foul Ball, location: 2F 0-2: Ball 1-2: Fly out, F5 (Flyball, 5D, EV 85.6 MPH)
|
Batting: RHB Nick Phipps
|
0-0: Fly out, F8 (Flyball, 89XD, EV 101.2 MPH)
|
Batting: RHB Ruben Serrata
|
0-0: Foul Ball, location: 2F 0-1: Ball 1-1: Swinging Strike 1-2: Ball 2-2: Foul Ball, location: 2F 2-2: Strikes out swinging
|
Top of the 7th over - 0 runs, 0 hits, 0 errors, 0 left on base; Cedar Rapids 5 - Bowling Green 1 |
BOTTOM OF THE 7TH |
Bowling Green Hot Rods batting - Pitching for Cedar Rapids Kernels : LHP Josh Armstrong
|
Batting: RHB Jesus Carrillo
|
0-0: Ball 1-0: Swinging Strike 1-1: Ball 2-1: Swinging Strike 2-2: Ball 3-2: Foul Ball, location: 2F 3-2: Foul Ball, location: 2F 3-2: Base on Balls
|
Batting: LHB Angel Ruvalcaba
|
0-0: Ball 1-0: Called Strike 1-1: Fielders Choice at 2nd, 3-6 (Groundball, 3, EV 87.5 MPH)
|
Batting: LHB Rocky Crowley
|
0-0: Ball 1-0: Called Strike Angel Ruvalcaba is caught stealing 2nd base 2-6 1-1: Ground out 5-3 (Groundball, 56, EV 86.2 MPH)
|
Bottom of the 7th over - 0 runs, 0 hits, 0 errors, 0 left on base; Cedar Rapids 5 - Bowling Green 1 |
TOP OF THE 8TH |
Cedar Rapids Kernels batting - Pitching for Bowling Green Hot Rods : LHP Ryan Folks
|
Pitching: LHP Chris Bates
|
|
Batting: RHB Jose Gracia
|
0-0: Swinging Strike 0-1: Ball 1-1: Called Strike 1-2: Ground out 6-3 (Groundball, 6, EV 88.8 MPH)
|
Batting: RHB Jeremy Witt
|
0-0: Ground out 4-3 (Groundball, 4, EV 103.1 MPH)
|
Batting: RHB Ratko Macura
|
0-0: Swinging Strike 0-1: Ball 1-1: Ball 2-1: Ball 3-1: Base on Balls
|
Batting: RHB Tim Carter
|
0-0: Ball 1-0: Foul Ball, location: 2F 1-1: Ball 2-1: Ball 3-1: Base on Balls Ratko Macura to second
|
Batting: RHB Kevin Harris
|
0-0: Ground out 4-3 (Groundball, 4, EV 76.9 MPH)
|
Top of the 8th over - 0 runs, 0 hits, 0 errors, 2 left on base; Cedar Rapids 5 - Bowling Green 1 |
BOTTOM OF THE 8TH |
Bowling Green Hot Rods batting - Pitching for Cedar Rapids Kernels : LHP Josh Armstrong
|
Pitching: RHP Andy Symons
|
|
Batting: RHB Dermott Kennelly
|
0-0: Swinging Strike 0-1: Swinging Strike 0-2: SINGLE (Groundball, 5S, EV 71.9 MPH) (infield hit)
|
Batting: RHB Tim Dower
|
0-0: Ball 1-0: Foul Ball, location: 2F 1-1: Swinging Strike 1-2: Fielders Choice at 2nd, 4-6 (Groundball, 4M, EV 88.8 MPH)
|
Batting: SHB Luis Verduzco
|
0-0: Ball 1-0: Foul Ball, location: 2F 1-1: Fly out, F5 (Popup, 5L, EV 60.0 MPH)
|
Batting: RHB Jim Erdody
|
0-0: Foul Ball, location: 2F 0-1: Ball 1-1: Foul Ball, location: 2F 1-2: DOUBLE (Line Drive, 89D, EV 105.0 MPH) Tim Dower to third
|
Batting: RHB Dave Valdez
|
0-0: Swinging Strike 0-1: Ball 1-1: Called Strike 1-2: Ball Wild Pitch! Tim Dower scores Jim Erdody to third 2-2: Ball 3-2: Foul Ball, location: 2F 3-2: Strikes out swinging
|
Bottom of the 8th over - 1 run, 2 hits, 0 errors, 1 left on base; Cedar Rapids 5 - Bowling Green 2 |
TOP OF THE 9TH |
Cedar Rapids Kernels batting - Pitching for Bowling Green Hot Rods : LHP Chris Bates
|
Batting: RHB Jose Almonte
|
0-0: Ball 1-0: Called Strike 1-1: Ball 2-1: Swinging Strike 2-2: Ball 3-2: Base on Balls
|
Batting: LHB Tomas Espino
|
0-0: Called Strike 0-1: Called Strike 0-2: Ball 1-2: Ball 2-2: SINGLE (Groundball, 34D, EV 109.4 MPH) Jose Almonte to second Runner from 2nd tries for 3rd, SAFE, throw by RF made to third
|
Batting: RHB Nick Phipps
|
0-0: Foul Ball, location: 2F 0-1: Ball Pickoff Throw to First - Out! 1-3 1-1: Called Strike 1-2: Ball 2-2: 2-RUN HOME RUN (Line Drive, 7D, EV 100.6 MPH), Distance : 365 ft
|
Batting: RHB Ruben Serrata
|
0-0: Foul Ball, location: 2F 0-1: Fly out, F8 (Flyball, 8RD, EV 101.2 MPH)
|
Batting: RHB Jose Gracia
|
0-0: Ball 1-0: Foul Ball, location: 2F 1-1: Called Strike 1-2: Reached on error, E3 (Groundball, 34S, EV 80.0 MPH)
|
Pitching: RHP Chris Harman
|
|
Batting: RHB Jeremy Witt
|
0-0: Ball 1-0: Ball 2-0: DOUBLE (Line Drive, 3D, EV 98.1 MPH) Jose Gracia scores
|
Batting: RHB Ratko Macura
|
0-0: Ball 1-0: Foul Ball, location: 2F 1-1: Ground out 5-3 (Groundball, 5, EV 85.6 MPH)
|
Top of the 9th over - 3 runs, 3 hits, 1 error, 1 left on base; Cedar Rapids 8 - Bowling Green 2 |
BOTTOM OF THE 9TH |
Bowling Green Hot Rods batting - Pitching for Cedar Rapids Kernels : RHP Andy Symons
|
Batting: RHB Bogumil Filipowski
|
0-0: Ball 1-0: Ball 2-0: Called Strike 2-1: Foul Ball, location: 2F 2-2: Strikes out swinging
|
Pinch Hitting: LHB Sean Banks
|
0-0: Called Strike 0-1: Ball 1-1: Foul Ball, location: 2F 1-2: Ball 2-2: Foul Ball, location: 2F 2-2: Ball 3-2: Foul Ball, location: 2F 3-2: TRIPLE (Flyball, 78XD, EV 108.8 MPH)
|
Batting: LHB Angel Ruvalcaba
|
0-0: Ball 1-0: SINGLE (Line Drive, 89S, EV 104.4 MPH) Sean Banks scores
|
Batting: LHB Rocky Crowley
|
0-0: Ball 1-0: Ball 2-0: Ball 3-0: Called Strike 3-1: Base on Balls Angel Ruvalcaba to second
|
Batting: RHB Dermott Kennelly
|
0-0: Foul Ball, location: 2F 0-1: Foul Ball, location: 2F 0-2: Foul Ball, location: 2F 0-2: Fly out, F9 (Flyball, 9S, EV 96.2 MPH)
|
Batting: RHB Tim Dower
|
0-0: Called Strike 0-1: Ball 1-1: Ball 2-1: Ball 3-1: Foul Ball, location: 2F 3-2: Base on Balls Angel Ruvalcaba to third Rocky Crowley to second
|
Pitching: RHP Steven Legge
|
|
Batting: SHB Luis Verduzco
|
0-0: SINGLE (Groundball, 6MD, EV 101.2 MPH) Angel Ruvalcaba scores Rocky Crowley to third Tim Dower to second
|
Batting: RHB Jim Erdody
|
0-0: Called Strike 0-1: Ball 1-1: Ball 2-1: Foul Ball, location: 2F 2-2: Ball 3-2: Foul Ball, location: 2F 3-2: Fly out, F8 (Line Drive, 8LD, EV 94.4 MPH)
|
Bottom of the 9th over - 2 runs, 3 hits, 0 errors, 3 left on base; Cedar Rapids 8 - Bowling Green 4 |
|